 Dungeon Crawl Stone Soup version 0.19-a0-1780-g452a841 (webtiles) character file.

15294 miko the Destroyer (level 12, -9/64 HPs)
             Began as a Deep Elf Conjurer on Aug 21, 2016.
             Was an Elder of Sif Muna.
             Mangled by a death yak (24 damage)
             ... on level 3 of the Lair of Beasts on Oct 2, 2016.
             The game lasted 02:40:54 (13987 turns).

miko the Destroyer (Deep Elf Conjurer)             Turns: 13987, Time: 02:40:55

Health: -9/64      AC: 10    Str: 16    XL:     12   Next: 0%
Magic:  1/36       EV: 18    Int: 25    God:    Sif Muna [****..]
Gold:   820        SH:  6    Dex: 15    Spells: 9 memorised, 2 levels left

rFire  . . .     SeeInvis .     Q - +3 short sword of Okawaru's Benevolence {freeze, *Rage rElec MR- MP+9}
rCold  + + +     Gourm    .     D - +2 robe {rC+}
rNeg   . . .     Faith    .     W - +2 buckler
rPois  +         Spirit   .     E - +1 hat
rElec  +         Dismiss  .     v - +0 cloak
rCorr  .         Reflect  .     s - +2 pair of gloves {Str+3}
MR     .....     Harm     .     C - +0 pair of boots
Stlth  +++....... Rnd*Rage +    (no amulet)
                                x - ring "Jotwyecs" {rPois rC+ Str+7}
                                e - ring of protection from cold

@: very slightly contaminated
A: no striking features
a: Divine Energy, Channel Magic, Forget Spell, Renounce Religion


You were on level 3 of the Lair of Beasts.
You worshipped Sif Muna.
Sif Muna was greatly pleased with you.
You were hungry.

You visited 3 branches of the dungeon, and saw 14 of its levels.

You collected 820 gold pieces.

Inventory:

Hand Weapons
 j - a +1 dagger of draining
 y - a +0 hunting sling of velocity
 Q - the +3 short sword of Okawaru's Benevolence (weapon) {freeze, *Rage rElec MR- MP+9}
   (You found it on level 5 of the Dungeon)

   It has been specially enchanted to freeze those struck by it, causing extra
   injury to most foes and up to half again as much damage against particularly
   susceptible opponents.
   It can also slow down cold-blooded creatures.
   It insulates you from electricity.
   It affects your resistance to hostile enchantments.
   It affects your magic capacity (+9).
   It may make you go berserk in combat.
 S - a +2 long sword of slicing
 V - a +3 dagger of freezing
 Y - a +0 blowgun
Missiles
 f - 2 throwing nets (quivered)
 g - 40 poisoned needles
 z - 122 sling bullets
Armour
 s - a +2 pair of gloves of strength (worn)
 v - a +0 cloak (worn)
 C - a +0 pair of boots (worn)
 D - a +2 robe of cold resistance (worn)
 E - a +1 hat (worn)
 W - a +2 buckler (worn)
Jewellery
 a - an uncursed ring of positive energy
 e - a ring of protection from cold (left hand)
 x - the ring "Jotwyecs" (right hand) {rPois rC+ Str+7}
   (You found it on level 9 of the Dungeon)

   [ring of protection from cold]

   It affects your strength (+7).
   It protects you from cold.
   It protects you from poison.
 I - an uncursed ring of flight
 T - a +4 ring of intelligence
 Z - an uncursed ring of ice
Wands
 R - a wand of enslavement (8/24)
 X - a wand of confusion (45/48)
Scrolls
 l - 5 scrolls of remove curse
 n - 5 scrolls of teleportation
 q - 4 scrolls of enchant weapon
 J - 5 scrolls of identify
 O - 2 scrolls of recharging
Potions
 d - a potion of might
 i - a potion of cancellation
 m - 4 potions of flight
 o - a potion of heal wounds {unknown}
 r - a potion of resistance
 F - 8 potions of curing
 G - a potion of magic
 H - a potion of agility
 L - 2 potions of invisibility
 U - 5 potions of haste
Books
 b - a book of Conjurations

   Spells                             Type                      Level
   a - Magic Dart                     Conjuration                  1
   b - Searing Ray                    Conjuration                  2
   c - Dazzling Spray                 Conjuration/Hexes            3
   d - Fulminant Prism                Conjuration/Hexes            4
   e - Iskenderun's Mystic Blast      Conjuration                  4
   f - Iskenderun's Battlesphere      Conjuration/Charms           5
 t - a book of the Dragon

   Spells                             Type                      Level
   a - Flame Tongue                   Conjuration/Fire             1
   b - Cause Fear                     Hexes                        4
   c - Bolt of Fire                   Conjuration/Fire             6
   d - Dragon Form                    Transmutation                7
   e - Dragon's Call                  Summoning                    9
 B - a book of Enchantments

   Spells                             Type                      Level
   a - Cause Fear                     Hexes                        4
   b - Yara's Violent Unravelling     Hexes/Transmutation          5
   c - Silence                        Hexes/Air                    5
   d - Deflect Missiles               Charms/Air                   6
   e - Haste                          Charms                       6
   f - Discord                        Hexes                        8
 M - a book of the Warp

   Spells                             Type                      Level
   a - Gell's Gravitas                Hexes/Translocation          3
   b - Portal Projectile              Translocation                3
   c - Force Lance                    Conjuration/Translocation    4
   d - Dispersal                      Translocation                6
   e - Controlled Blink               Translocation                8
   f - Disjunction                    Translocation                8
 N - a Young Poisoner's Handbook

   Spells                             Type                      Level
   a - Sting                          Conjuration/Poison           1
   b - Mephitic Cloud                 Conjuration/Poison/Air       3
   c - Olgreb's Toxic Radiance        Poison                       4
   d - Alistair's Intoxication        Transmutation/Poison         5
   e - Venom Bolt                     Conjuration/Poison           5
 P - a book of Cantrips

   Spells                             Type                      Level
   a - Confusing Touch                Hexes                        1
   b - Animate Skeleton               Necromancy                   1
   c - Summon Small Mammal            Summoning                    1
   d - Apportation                    Translocation                1
Miscellaneous
 k - a phial of floods
Comestibles
 c - 10 bread rations
 h - a slice of pizza
 p - 5 chunks of flesh
 u - 10 meat rations
 w - 15 fruits
 A - 5 beef jerkies
 K - 11 royal jellies


   Skills:
 - Level 3.0 Fighting
 - Level 3.3 Short Blades
   Level 1.9 Staves
 - Level 1.0 Armour
 + Level 10.1 Dodging
 - Level 4.2 Stealth
 - Level 1.0 Shields
 * Level 9.9 Spellcasting
 + Level 11.4 Conjurations
 - Level 8.1 Hexes
 + Level 6.9 Charms
 + Level 2.6 Summonings
 - Level 2.0 Necromancy
 - Level 2.0 Translocations
 - Level 2.4 Poison Magic
 - Level 5.3 Invocations
 - Level 4.0 Evocations


You had 2 spell levels left.
You knew the following spells:

 Your Spells              Type           Power        Failure   Level  Hunger
a - Magic Dart            Conj           ####         1%          1    None
b - Dazzling Spray        Conj/Hex       ######       1%          3    None
c - Iskenderun's Battles  Conj/Chrm      ######..     6%          5    ####...
d - Fulminant Prism       Conj/Hex       ######....   1%          4    #......
e - Cause Fear            Hex            ######....   2%          4    #......
f - Animate Skeleton      Necr           N/A          3%          1    None
g - Force Lance           Conj/Tloc      #####...     6%          4    #......
h - Venom Bolt            Conj/Pois      #####.....   14%         5    ####...
i - Summon Small Mammal   Summ           ####         2%          1    None


Dungeon Overview and Level Annotations

Branches:
Dungeon (9/15)             Temple (1/1) D:5            Lair (4/6) D:8
 Shoals (0/4) Lair:4
  Snake: Lair:2-4    Spider: Lair:2-4       Orc: D:9-12

Altars:
Cheibriados
Dithmenos
Hepliaklqana
Kikubaaqudgha
Makhleb
Qazlal
Ru
Sif Muna
Trog
Uskayaw
Xom
Zin

Shops:
D:9 %


Message History

* * * LOW HITPOINT WARNING * * *
The yak bellows!
You climb upwards.
There is a stone staircase leading down here.
Casting: Dazzling Spray
Confirm with . or Enter, or press ? or * to list all spells.
Okay, then.
Evoke which item? (* to show all) (? for menu, Esc to quit)
Okay, then.
Casting: Dazzling Spray
Confirm with . or Enter, or press ? or * to list all spells.
Okay, then.
Casting: Dazzling Spray
Confirm with . or Enter, or press ? or * to list all spells.
You miscast Summon Small Mammal.
You are very lightly contaminated with residual magic.
Nothing appears to happen.
The death yak gores you!
* * * LOW HITPOINT WARNING * * *
You feel better. The death yak gores you!!
You die...

.................................
....†............................
#+#..#...........................
....##....###........##.#P.......
..##.....##P#.#..#...##.#..#.....
...+.....##.....#.....#..........
.....#..........##..........#....
#..##....P......##...##....##....
######....#..###@#...#.######....
#####.....#..##.#Y...##.#.##P....
................>................
.................................
...........................).....
P##...#.#.##########.###....P.###
####.###### ### ######## ###


You could see a death yak.

Vanquished Creatures
  Fannar (Lair:2)
  Erica (Lair:1)
  Joseph (Lair:1)
  A spiny frog (Lair:3)
  A komodo dragon (D:8)
  A rime drake (Lair:4)
  3 trolls
  A two-headed ogre (D:9)
  The ghost of Vergil the Vandal, an amateur DsAr (D:5)
  4 polar bears (Lair:3)
  Grinder (D:6)
  A removed MONS_BOULDER_BEETLE (Lair:3)
  16 yaks
  2 basilisks
  2 hippogriffs
  2 soldier ants (D:8)
  6 porcupines
  4 water moccasins
  11 black bears
  2 ice beasts (D:8)
  An orc warrior (D:7)
  2 phantoms
  3 removed MONS_WASPs
  A necrophage (D:9)
  7 ogres
  5 centaurs
  The ghost of miko the Sneak, an amateur FoEn (D:3)
  4 crocodiles
  10 bullfrogs
  2 gnoll sergeants
  2 scorpions (D:7)
  4 wights (D:6)
  An electric eel (Lair:3)
  3 howler monkeys (D:8)
  3 crimson imps
  A bullfrog zombie (D:8)
  A quasit (D:8)
  4 hounds
  3 orc wizards
  2 centaur skeletons
  4 orc priests
  A jelly (D:8)
  4 bullfrog skeletons
  Natasha (thrice) (D:3)
  8 iguanas
  6 worker ants
  A killer bee zombie (D:7)
  6 removed
  MONS_SHEEPs (Lair:2)
  2 hound skeletons
  A worker ant zombie (D:5)
  9 gnolls
  4 adders
  29 river rats
  2 shadow imps
  2 oozes
  An adder zombie (D:5)
  An adder skeleton (D:4)
  5 worms
  12 leopard geckos
  37 orcs
  5 bats (D:2)
  6 giant cockroaches
  7 goblins
  11 hobgoblins
  8 quokkas
  3 frilled lizards
  8 kobolds
  A quokka skeleton (D:7)
  A quokka zombie (D:5)
  6 rats
  A fungus (Lair:2)
  2 plants
319 creatures vanquished.

Vanquished Creatures (collateral kills)
  A hill giant (D:7)
  A porcupine (Lair:3)
  A sky beast (D:9)
  A crocodile (Lair:1)
  A scorpion (D:9)
  A river rat (Lair:3)
  A ball python (D:8)
7 creatures vanquished.

Vanquished Creatures (others)
  37 fulminant prisms
  A fungus (Lair:3)
  2 plants
40 creatures vanquished.

Grand Total: 366 creatures vanquished

Notes
Turn   | Place    | Note
-------+----------+-------------------------------------------
     0 | D:1      | miko the Deep Elf Conjurer began the quest for the Orb.
     0 | D:1      | Reached XP level 1. HP: 10/10 MP: 6/6
   133 | D:1      | Reached XP level 2. HP: 15/15 MP: 0/8
   771 | D:1      | Reached XP level 3. HP: 20/20 MP: 5/9
  1073 | D:1      | Learned a level 3 spell: Dazzling Spray
  1294 | D:2      | Reached skill level 1 in Hexes
  1418 | D:2      | Found a hazy altar of Hepliaklqana.
  1509 | D:2      | Reached skill level 1 in Fighting
  1867 | D:2      | Reached skill level 5 in Conjurations
  1934 | D:3      | Reached XP level 4. HP: 25/25 MP: 7/11
  1968 | D:3      | Noticed miko's ghost (amateur FoEn)
  2191 | D:3      | Killed miko's ghost
  2191 | D:3      | Reached skill level 1 in Short Blades
  2191 | D:3      | Reached XP level 5. HP: 22/29 MP: 0/12
  2390 | D:3      | Learned a level 5 spell: Iskenderun's Battlesphere
  2685 | D:3      | Reached skill level 1 in Charms
  2765 | D:3      | Found a sacrificial altar of Ru.
  2930 | D:3      | Noticed Natasha
  2935 | D:3      | Killed Natasha
  2935 | D:3      | Reached XP level 6. HP: 34/34 MP: 9/14
  3136 | D:3      | Noticed Natasha
  3143 | D:3      | Killed Natasha
  3468 | D:4      | Learned a level 4 spell: Fulminant Prism
  3588 | D:4      | Reached skill level 6 in Conjurations
  3748 | D:3      | Noticed Natasha
  3753 | D:3      | Killed Natasha
  3842 | D:4      | Reached XP level 7. HP: 39/39 MP: 3/15
  3990 | D:4      | Found a stormy altar of Qazlal.
  4417 | D:5      | Entered Level 5 of the Dungeon
  4431 | D:5      | Found a staircase to the Ecumenical Temple.
  4448 | Temple   | Entered the Ecumenical Temple
  4465 | Temple   | Became a worshipper of Sif Muna the Loreminder
  4523 | D:5      | Found a glowing silver altar of Zin.
  4779 | D:5      | Noticed Vergil's ghost (amateur DsAr)
  4938 | D:5      | Got a twisted short sword
  4965 | D:5      | Identified the +3 short sword of Okawaru's Benevolence {freeze, *Rage rElec MR- MP+9} (You found it on level 5 of the Dungeon)
  4988 | D:5      | Reached skill level 5 in Dodging
  4988 | D:5      | Reached skill level 5 in Spellcasting
  5721 | D:6      | Reached skill level 7 in Conjurations
  5721 | D:6      | Reached XP level 8. HP: 35/44 MP: 14/17
  5774 | D:6      | Reached skill level 1 in Evocations
  5920 | D:6      | Learned a level 4 spell: Cause Fear
  6107 | D:6      | Reached * piety under Sif Muna
  6170 | D:6      | Noticed Grinder
  6202 | D:5      | Killed Vergil's ghost
  6423 | D:6      | Killed Grinder
  6481 | D:6      | Reached skill level 5 in Charms
  6481 | D:6      | Reached skill level 1 in Invocations
  6503 | D:6      | Learned a level 1 spell: Animate Skeleton
  6587 | D:6      | Reached skill level 5 in Hexes
  6587 | D:6      | Reached XP level 9. HP: 39/48 MP: 20/20
  6699 | D:6      | Reached skill level 8 in Conjurations
  6702 | D:6      | Reached skill level 1 in Necromancy
  7428 | D:7      | Found a shadowy altar of Dithmenos.
  7580 | D:7      | Reached ** piety under Sif Muna
  7631 | D:7      | Noticed a troll
  7631 | D:7      | Upgraded the game from 0.19-a0-1204-g250f30a to 0.19-a0-1225-gf887c1c
  7836 | D:7      | Noticed a hill giant
  7848 | D:7      | Killed a troll
  8174 | D:7      | Reached skill level 9 in Conjurations
  8568 | D:7      | Killed a hill giant
  8904 | D:7      | Reached XP level 10. HP: 53/53 MP: 18/22
  8910 | D:7      | Learned a level 4 spell: Force Lance
  9289 | D:8      | Found a staircase to the Lair.
  9549 | D:8      | Reached skill level 1 in Translocations
 10006 | D:9      | Reached *** piety under Sif Muna
 10312 | D:9      | Got a slimy copper ring
 10318 | D:9      | Identified the ring "Jotwyecs" {rPois rC+ Str+7} (You found it on level 9 of the Dungeon)
 10353 | D:9      | Reached skill level 10 in Conjurations
 10524 | D:9      | Reached skill level 1 in Shields
 10535 | D:9      | Reached skill level 1 in Staves
 10555 | D:9      | Found a bloodstained altar of Trog.
 10739 | D:9      | Found Ujeto's Food Shoppe.
 10793 | Lair:1   | Entered Level 1 of the Lair of Beasts
 10809 | Lair:1   | Noticed Erica
 10845 | Lair:1   | Killed Erica
 10845 | Lair:1   | Reached skill level 1 in Armour
 10845 | Lair:1   | Reached skill level 5 in Invocations
 10845 | Lair:1   | Reached XP level 11. HP: 58/58 MP: 24/25
 10935 | Lair:1   | Noticed Joseph
 10945 | Lair:1   | Killed Joseph
 12002 | Lair:2   | Reached **** piety under Sif Muna
 12082 | Lair:2   | Noticed Fannar
 12110 | Lair:2   | Killed Fannar
 12134 | Lair:2   | Learned a level 5 spell: Venom Bolt
 12438 | Lair:2   | You fall through a shaft!
 12455 | Lair:3   | Reached skill level 11 in Conjurations
 12797 | Lair:2   | Reached skill level 1 in Poison Magic
 12820 | Lair:2   | Learned a level 1 spell: Summon Small Mammal
 13079 | Lair:3   | Reached skill level 1 in Summonings
 13359 | Lair:3   | Noticed a death yak
 13359 | Lair:3   | Noticed a death yak
 13363 | Lair:3   | Noticed a death yak
 13440 | Lair:3   | Noticed a death yak
 13643 | Lair:3   | Reached skill level 10 in Dodging
 13851 | Lair:3   | Upgraded the game from 0.19-a0-1225-gf887c1c to 0.19-a0-1780-g452a841
 13858 | Lair:4   | Found a staircase to the Shoals.
 13944 | Lair:4   | Noticed a death yak
 13947 | Lair:4   | Noticed a death yak
 13950 | Lair:4   | Noticed a death yak
 13961 | Lair:4   | Noticed a death yak
 13967 | Lair:4   | Reached XP level 12. HP: 52/64 MP: 0/27
 13987 | Lair:3   | Mangled by a death yak

Vault maps used:
D:1:      tarquinn_simple_flora_water_e, minmay_liquid_box,
          lexackson_kobold_supper
D:2:      lemuel_crystal_altar, first_bread, serial_bayou_crossing
D:3:      overflow_temple_1_default, uniq_natasha
D:4:      marbit_many_paths
D:5:      kennysheep_mini_moat
D:6:      serial_co_window_serial, co_window_of_opportunity_a,
          co_window_cross_1, co_window_paths_a, co_window_of_opportunity_a,
          co_window_corner_a, co_window_corner_a, co_window_corner_a,
          co_window_corner_a, co_window_of_opportunity_a,
          co_window_of_opportunity_c, co_window_broadway_c, co_window_paths_c,
          co_window_corner_b, co_window_paths_c, co_window_broadway_c,
          co_window_broadway_a, glass_columns_a, uniq_grinder
D:7:      wad_guarded_room, nicolae_dithmenos_shadow_blocks
D:8:      david_lair_shrubbed, hangedman_pestilent_swarm,
          kennysheep_generic_room_14
D:9:      old_standard_altar, serial_shops, kennysheep_mini
Temple:   eino_temple_scatter_basement
Lair:1:   uniq_erica, uniq_joseph
Lair:2:   lemuel_fruit_tree, uniq_fannar
Lair:3:   beast_lair_carwin_large_3, infiniplex_staircase_pool
Lair:4:   shoals_dummy_entry, nicolae_spider_entry_tight_spaces

Skill      XL: |  1  2  3  4  5  6  7  8  9 10 11 |
---------------+----------------------------------+-----
Dodging        | 3 4 5 6 8 9 10 | 10.1
Hexes          | 1 2 3 5 6 7 8 |  8.1
Fighting       | 1 2 3 |  3.0
Conjurations   | 5 6 7 9 10 11 | 11.4
Short Blades   | 1 2 3 |  3.3
Charms         | 2 3 5 6 |  6.9
Spellcasting   | 4 5 6 7 8 9 |  9.9
Stealth        | 3 4 |  4.2
Evocations     | 2 4 |  4.0
Invocations    | 1 3 5 |  5.3
Necromancy     | 2 |  2.0
Translocations | 2 |  2.0
Shields        | 1 |  1.0
Staves         | 1 |  1.9
Armour         | 1 |  1.0
Poison Magic   | 2 |  2.4
Summonings     | 2 |  2.6

Action                   |  1- 3 |  4- 6 |  7- 9 | 10-12 || total
-------------------------+-------+-------+-------+-------++-------
Melee: Dagger            |    22 |    50 |    21 |     2 ||    95
       Club              |     1 |       |       |       ||     1
       Short sword       |       |    10 |    53 |   138 ||   201
       Quarterstaff      |       |       |       |    15 ||    15
       Scimitar          |       |       |       |     3 ||     3
 Fire: Hunting sling     |    54 |    23 |    34 |       ||   111
 Cast: Magic Dart        |    67 |    74 |   135 |   169 ||   445
       Dazzling Spray    |     6 |    25 |    47 |    39 ||   117
       Fulminant Prism   |       |     1 |    15 |    21 ||    37
       Iskenderun's Batt |       |       |    12 |    44 ||    56
       Animate Skeleton  |       |       |     5 |    48 ||    53
       Cause Fear        |       |       |     1 |       ||     1
       Force Lance       |       |       |       |     8 ||     8
       Venom Bolt        |       |       |       |     2 ||     2
Invok: Divine Energy     |       |       |     2 |     1 ||     3
       Stop Divine Energ |       |       |     2 |     1 ||     3
Evoke: Wand              |       |       |     1 |       ||     1
  Use: Potion            |       |     4 |     1 |     8 ||    13
       Scroll            |       |     2 |    11 |     7 ||    20
 Stab: Sleeping          |     2 |       |     1 |     5 ||     8
       Invisible         |       |     4 |     6 |     4 ||    14
  Eat: Chunk             |     4 |     7 |    18 |    31 ||    60
       Meat ration       |       |       |     1 |       ||     1
Armor: Robe              |     4 |    14 |    22 |    31 ||    71
       Skin              |       |     6 |    18 |       ||    24
Dodge: Dodged            |    21 |    47 |    99 |   121 ||   288
Block: Buckler           |       |       |       |    21 ||    21
